AoeStats
← 一剑扫秋风nelson

Nomad

508817704Analyzed
4v4 RM · 8d ago on Sep 24, 2026· 40m 15s· 8 players
Game mode
Random Map
Map size
231×231
Population
200
Speed
Normal
Resources
Standard
Victory
Conquest
Starting age
Dark Age
Ending age
Imperial Age
RankedLock teamsTeams togetherTeam positionsShared explorationLock speedFull tech treeHidden civsTurbo modeCheats
Victory
Defeat
🇨🇳 Mapuche · China
1975
+6
🇻🇳 Saxons · Vietnam
1929
+7
🇨🇳 Mongols · China
1822
+11
🇨🇳 Danes · China
1737
+14
🇲🇽 Malay · Mexico
1762
-11
🇲🇽 Spanish · Mexico
1711
-9
🇲🇽 Persians · Mexico
1702
-9
🇲🇽 Dravidians · Mexico
1691
-9
北冥有鲲
9:44 Loom
11:40 Feudal Age
12:32 Double-Bit Axe
12:56 Town Watch
15:44 Wheelbarrow
21:26 Castle Age
19:39 Stone Mining
26:13 Horse Collar
27:42 Fletching
31:15 Bow Saw
33:43 Heavy Plow
33:59 Hand Cart
36:39 Ballistics
36:16 Bodkin Arrow
36:44 Gold Mining
37:44 Bloodlines
38:05 Husbandry
38:45 Herbal Medicine
42:45 Imperial Age
40:37 Medium Warships
一剑扫秋风nelson
13:09 Feudal Age
13:29 Loom
14:47 Double-Bit Axe
17:05 Castle Age
15:53 Gold Mining
17:39 Fletching
18:41 Bodkin Arrow
19:34 Padded Archer Armor
20:58 Ballistics
22:39 Horse Collar
23:20 Leather Archer Armor
24:10 Heavy Plow
28:37 Town Watch
29:32 Wheelbarrow
40:53 Imperial Age
40:04 Malon
ARKINE
12:25 Feudal Age
16:20 Castle Age
15:06 Double-Bit Axe
15:17 Stone Mining
17:51 Bow Saw
20:05 Fletching
20:02 Loom
31:30 Scale Mail Armor
35:57 Imperial Age
33:13 Town Watch
33:45 Horse Collar
34:14 Gold Mining
35:08 Squires
34:54 Arson
36:09 Chain Mail Armor
36:04 Forging
37:50 Plate Mail Armor
36:47 Capped Ram
37:16 Hamask
38:17 Conscription
39:24 Wheelbarrow
39:42 Heavy Plow
39:27 Northmen's Fury
41:06 Iron Casting
saymynameBook
5:33 Loom
23:15 Feudal Age
24:06 Town Watch
24:23 Fishing Lines
27:01 Castle Age
27:43 Double-Bit Axe
32:48 Gillnets
33:34 Wheelbarrow
37:30 Scale Mail Armor
38:38 Fletching
39:44 Bodkin Arrow
Echidna
6:51 Loom
13:24 Feudal Age
14:20 Double-Bit Axe
21:38 Castle Age
20:30 Horse Collar
20:43 Gold Mining
21:01 Fletching
21:26 Forging
21:16 Scale Mail Armor
23:12 Scale Barding Armor
23:31 Medium Warships
30:38 Fletching
33:46 Wheelbarrow
33:08 Horse Collar
34:18 Bow Saw
34:47 Hand Cart
36:32 Iron Casting
39:47 Imperial Age
37:13 Stone Mining
37:59 Gold Shaft Mining
39:17 Bloodlines
Ux'Chimtzin
12:20 Feudal Age
12:53 Feudal Age
11:54 Loom
14:03 Town Watch
16:51 Castle Age
17:43 Double-Bit Axe
18:03 Fletching
18:54 Bodkin Arrow
Ux'goodboi
12:53 Feudal Age
16:39 Castle Age
15:46 Loom
18:39 Padded Archer Armor
18:24 Horse Collar
18:30 Double-Bit Axe
33:44 Wheelbarrow
32:59 Town Watch
38:10 Imperial Age
36:39 Fletching
37:32 Heavy Plow
37:44 Bow Saw
39:02 Gold Mining
39:52 Conscription
39:31 Bodkin Arrow
40:38 Chemistry
Ux'Uzzi
11:24 Loom
15:42 Feudal Age
16:07 Fletching
24:36 Castle Age
24:21 Double-Bit Axe
38:51 Imperial Age
39:11 Forging
Connection lost

Rejoining the realm…

Still unreachable

The connection could not be restored.

Session expired

The server has moved on; the page needs a fresh start.